Map: Tokamak LE

Players

ManlyManMeat - Winner!

  • Race: Zerg Zerg
  • League: Master
  • Spawn Location: 7:00

Kek

  • Race: Zerg Zerg
  • League: Platinum
  • Spawn Location: 1:00

VOD

Have the link to the VOD?

Description

Time

  • Played on: June 18, 2025, 6:40 a.m.
  • Length: 10:49
Show
View Real Time Build Order
Export as new Build Order

ManlyManMeat Zerg - Winner!

Build Orders: Hatch First 

Get SALT Encoding   

  12  0:00  Drone  
  13  0:12  Overlord  
  13  0:19  Drone  
  14  0:31  Drone x2  
  16  0:35  Drone  
  17  0:53  Hatchery  
  17  0:55  Drone  
  17  0:57  Drone  
  18  1:12  Spawning Pool  
  18  1:14  Extractor  
  18  1:17  Drone  
  17  1:25  Drone  
  18  1:31  Drone  
  19  1:41  Drone  
  20  1:59  Queen  
  20  2:01  Overlord  
  22  2:05  Queen  
  22  2:06  Zergling x4  
  26  2:11  Drone  
  27  2:20  Drone  
  28  2:24  Drone  
  29  2:33  Drone x2  
  31  2:39  Drone  
  32  2:48  Drone, Hatchery  
  32  2:50  Zergling x2  
  34  2:58  Drone  
  34  3:04  Zergling x2  
  35  3:09  Drone  
  35  3:10  Overlord  
  35  3:12  Overlord  
  36  3:28  Drone, Queen  
  36  3:29  Roach Warren  
  36  3:30  Drone, Evolution Chamber  
  36  3:32  Drone  
  39  3:41  Drone x3  
  41  3:46  Overlord  
  43  3:59  Evolution Chamber  
  43  4:00  Drone, Evolution Chamber  
  43  4:01  Drone x5  
  45  4:16  Roach x4  
  51  4:21  Drone  
  52  4:25  Zerg Missile Weapons Level 1  
  52  4:26  Lair, Extractor  
  52  4:29  Roach  
  53  4:41  Roach x4  
  61  4:49  Drone x4  
  61  4:50  Drone  
  66  5:00  Overlord  
  66  5:02  Overlord  
  66  5:17  Overlord  
  66  5:18  Overlord, Queen  
  66  5:19  Overlord  
  68  5:23  Zerg Ground Armor Level 1  
  68  5:27  Extractor  
  68  5:28  Extractor  
  66  5:32  Drone x2  
  66  5:33  Drone  
  66  5:34  Overlord  
  71  5:43  Roach x4  
  77  5:55  Drone x7  
  77  5:56  Drone  
  85  6:06  Drone  
  85  6:07  Drone x3  
  85  6:08  Drone  
  90  6:12  Spore Crawler  
  90  6:13  Spore Crawler, Hydralisk Den  
  90  6:16  Drone x3, Spore Crawler  
  89  6:19  Overseer  
  89  6:21  Overseer  
  89  6:24  Pneumatized Carapace  
  89  6:29  Zerg Missile Weapons Level 2  
  89  6:32  Drone x2  
  91  6:33  Drone, Extractor  
  91  6:34  Drone x3, Extractor  
  93  6:53  Drone x4, Spire  
  93  6:54  Drone  
  97  7:05  Overseer  
  97  7:16  Drone x4  
  97  7:17  Roach x2  
  97  7:21  Hatchery  
  104  7:26  Glial Reconstitution  
  104  7:28  Zerg Ground Armor Level 2  
  104  7:29  Roach  
  106  7:32  Overlord x3  
  106  7:37  Overlord  
  106  7:40  Grooved Spines  
  106  7:45  Infestation Pit  
  105  7:54  Hydralisk x3  
  105  7:55  Hydralisk x6  
  123  8:02  Zergling x2  
  124  8:14  Queen  
  126  8:25  Overseer x2  
  126  8:26  Queen x2  
  128  8:28  Roach x5  
  128  8:29  Overlord x2  
  137  8:44  Muscular Augments  
  137  8:46  Drone x7  
  137  8:47  Overlord x3  
  144  9:02  Burrow  
  144  9:15  Roach x20  
  176  9:58  Roach x10  
  176  9:59  Overlord x3  
  184  10:17  Overlord, Roach x3  
  184  10:18  Overlord x2  
  184  10:19  Overlord  
  190  10:25  Roach x5  
Show
View Real Time Build Order
Export as new Build Order

Kek Zerg 

Build Orders: Hatch First, Lurkers 

Get SALT Encoding   

  12  0:02  Drone  
  13  0:11  Drone  
  14  0:16  Drone, Extractor  
  15  0:23  Overlord  
  15  0:44  Hatchery  
  15  0:47  Drone  
  15  0:50  Drone  
  15  0:55  Drone  
  17  1:03  Extractor  
  16  1:11  Spawning Pool  
  15  1:14  Drone  
  16  1:19  Drone  
  16  1:21  Drone  
  18  1:35  Drone  
  19  1:42  Drone  
  20  1:52  Drone  
  21  1:58  Queen  
  21  2:00  Queen  
  25  2:02  Zergling x2  
  25  2:04  Zergling x2  
  25  2:07  Overlord  
  27  2:17  Metabolic Boost  
  27  2:19  Overlord  
  27  2:22  Drone  
  28  2:26  Drone  
  30  2:30  Drone  
  30  2:36  Drone  
  31  2:47  Drone x2  
  34  2:51  Drone  
  34  3:02  Drone x2  
  36  3:11  Zergling x6  
  36  3:12  Zergling x2  
  40  3:14  Hatchery  
  39  3:21  Roach Warren  
  39  3:24  Evolution Chamber  
  37  3:29  Evolution Chamber  
  37  3:31  Drone x5  
  41  3:37  Lair  
  41  3:47  Drone x3  
  44  3:49  Overlord  
  44  3:50  Overlord  
  43  4:18  Zerg Missile Weapons Level 1  
  43  4:21  Drone x9  
  52  4:26  Extractor  
  52  4:29  Overlord x2  
  51  4:31  Extractor  
  51  4:33  Extractor  
  48  5:00  Drone x4  
  48  5:02  Roach  
  48  5:03  Roach x5  
  64  5:08  Queen  
  64  5:10  Glial Reconstitution  
  64  5:13  Drone  
  68  5:14  Drone x5  
  72  5:28  Drone x5  
  77  5:44  Roach x2  
  77  5:45  Overlord x2  
  81  5:53  Infestation Pit  
  81  5:54  Drone x2  
  81  5:55  Hydralisk Den  
  81  6:01  Overlord x2  
  80  6:17  Zerg Missile Weapons Level 2  
  80  6:18  Zerg Ground Armor Level 1  
  80  6:20  Roach x6  
  80  6:21  Roach x2  
  80  6:24  Drone x8  
  104  6:26  Extractor  
  104  6:27  Extractor  
  102  6:35  Hive  
  102  6:54  Roach  
  102  6:55  Overlord, Roach x4  
  102  6:56  Overlord x2  
  112  7:12  Overlord  
  112  7:13  Overlord  
  112  7:16  Roach x4  
  112  7:17  Roach x4  
  112  7:19  Ravager x4  
  132  7:29  Overlord x3  
  132  7:31  Muscular Augments  
  132  7:37  Hatchery  
  132  7:40  Lurker Den  
  132  7:42  Zergling x16  
  138  7:50  Overseer  
  138  7:53  Overseer  
  138  7:55  Hydralisk x4  
  145  8:22  Hydralisk x3  
  151  8:33  Overseer  
  147  8:37  Viper x2  
  153  9:02  Lurker  
  153  9:03  Lurker x4  
  158  9:11  Drone x13  
  158  9:12  Drone x9  
  180  9:24  Seismic Spines  
  180  9:34  Hatchery  
  162  9:59  Roach  
  147  10:00  Hydralisk x5, Roach x8  
  173  10:25  Overlord x4  
Tags
 
Composition
Lurkers
Matchup
ZvZ
Race
Zerg
Replay Pack
Myownreplay2
Spawn Locations
Cross Positions
Add a new tag
Caveats
  • Supply blocks, unpowered buildings, or Contaminate may cause inaccurate times.
  • Supply counts are checked every 10 seconds.